 Dungeon Crawl Stone Soup version 0.27-a0-906-g0a00ce863d (webtiles) character file.

Game seed: 12858678842236968887

2252 night the Covert (level 9, -1/36 (43) HPs)
             Began as a Felid Transmuter on Apr 1, 2021.
             Was an Initiate of Hepliaklqana.
             Slain by a gnoll
             ... wielding a +0 glaive
              (5 damage)
             ... on level 8 of the Dungeon on Apr 7, 2021.
             The game lasted 00:28:28 (7194 turns).

night the Covert (Felid Transmuter)                 Turns: 7194, Time: 00:28:29

HP:   -1/36 (43)    AC:  6    Str:  7    XL:     9   Next: 15%
MP:   8/16          EV: 11    Int: 16    God:    Hepliaklqana [......]
Gold: 581           SH:  0    Dex: 23    Spells: 1/16 levels left
                                        Lives: 0   Deaths: 2

rFire    x . .     SeeInvis +     - Unarmed
rCold    + + +     Faith    .   (shield unavailable)
rNeg     . . .     Spirit   .   (armour unavailable)
rPois    +         Reflect  .   (helmet unavailable)
rElec    .         Harm     .   (cloak unavailable)
rCorr    .         Rampage  .   (gloves unavailable)
Will     +....                  (boots unavailable)
Stlth    +++++.....             a - amulet of regeneration
HPRegen  1.12/turn              i - +6 ring of dexterity
MPRegen  0.15/turn              (no ring)

@: ice-form, heavily drained
A: freezing attack, amphibious, boosted hp, reduced essence, large, (claws 1),
(fangs 3), see invisible, (speed 1), (shaggy fur 2), (stealthy paws), no weapons
or thrown items, no armour, multi-lived
a: End Transformation, Renounce Religion, Recall Ancestor, Ancestor Identity


You were on level 8 of the Dungeon.
You worshipped Hepliaklqana.
Hepliaklqana was noncommittal.
You were a creature of crystalline ice.
You visited 2 branches of the dungeon, and saw 9 of its levels.
You also visited: Bailey.

You collected 608 gold pieces.
You spent 27 gold pieces at shops.

Inventory:

Jewellery
 a - an amulet of regeneration (around neck)
 i - a +6 ring of dexterity (left front paw)
 y - a ring of see invisible
Wands
 k - a wand of polymorph (6)
 m - a wand of flame (24)
 p - a wand of random effects (14)
 t - a wand of acid (4)
 u - a wand of paralysis (6)
 z - a wand of iceblast (8)
Scrolls
 b - 2 scrolls of torment
 c - a scroll of enchant armour
 j - a scroll of identify
 l - 4 scrolls of immolation
 o - 2 scrolls of magic mapping
 q - a scroll of enchant weapon {unknown}
 r - 2 scrolls of brand weapon {unknown}
 w - a scroll of vulnerability {unknown}
Potions
 d - 4 potions of curing
 e - a potion of attraction {unknown}
 f - a potion of heal wounds {unknown}
 g - 3 potions of flight
 h - a potion of magic {unknown}
 n - a potion of invisibility {unknown}
 s - a potion of resistance
 v - a potion of lignification {unknown}
 x - a potion of brilliance {unknown}
 A - a potion of cancellation {unknown}


   Skills:
 + Level 6.2 Fighting
 - Level 2.6 Dodging
 + Level 8.8 Stealth
 + Level 6.9 Unarmed Combat
 - Level 4.0 Spellcasting
 - Level 8.0 Transmutations
 + Level 1.3 Ice Magic


You had one spell level left.
You knew the following spells:

 Your Spells              Type           Power      Damage    Failure   Level
a - Beastly Appendage     Tmut           56%        N/A       1%          1
b - Spider Form           Tmut/Pois      8%         N/A       10%         3
c - Ice Form              Ice/Tmut       18%        N/A       24%         4
d - Hydra Form            Tmut           14%        N/A       17%         5
e - Wereblood             Tmut           28%        N/A       1%          2

Your spell library contained the following spells:

 Spells                   Type           Power      Damage    Failure   Level
 Summon Small Mammal      Summ           12%        N/A       17%         1
 Call Imp                 Summ           3%         N/A       26%         2
 Call Canine Familiar     Summ           3%         N/A       45%         3
 Summon Guardian Golem    Hex/Summ       3%         N/A       45%         3
 Summon Ice Beast         Ice/Summ       5%         N/A       77%         4
 Summon Lightning Spire   Summ/Air       3%         N/A       86%         4


Dungeon Overview and Level Annotations

Branches:
Dungeon (8/15)             Temple (1/1) D:7          Bailey (visited)
   Lair: D:8-11

Altars:
Ashenzari
Cheibriados
Dithmenos
Elyvilon
Fedhas
Gozag
Hepliaklqana
Kikubaaqudgha
Makhleb
Okawaru
Qazlal
Ru
Sif Muna
Trog
Uskayaw
Vehumet
Wu Jian
Xom
Yredelemnul
Zin
The Shining One

Shops:
D:3 *


Innate Abilities, Weirdness & Mutations

You are a creature of crystalline ice.
You have a powerful freezing melee attack.
You are amphibious.
Your maximum health is increased.
Your life essence is reduced to manifest your ancestor. (-10% HP)
((You have sharp claws.))
((You have razor-sharp teeth.))
You have supernaturally acute eyesight. (SInv)
((You cover ground quickly. (Speed+)))
((You are covered in thick fur. (AC +2)))
((Your stealthy paws help you sneak and pounce on unaware monsters.))
You are incapable of wielding weapons or throwing items.
You cannot wear armour.
You gain extra lives every three experience levels.


Message History

You climb upwards.
There is a stone staircase leading down here.
You hit the wight.
The wight is moderately damaged.
The wight hits you with a +3 mace.
Your magical contamination has completely faded away.
You hit the wight.
The wight is heavily damaged.
The wight barely misses you.
You hit the wight.
The wight is almost destroyed.
You hit the wight.
The wight is almost destroyed.
The wight hits you with a +3 mace!
You hit the wight.
You destroy the wight!
Things that are here:
a +3 mace; a +0 robe You start resting.
HP restored.
You start resting.
Your transformation is almost over.
There is a stone staircase leading down here.
Casting: Ice Form (quite dangerous; 24% risk of failure)
Confirm with . or Enter, or press ? or * to list all spells.
The spell is quite dangerous to cast (24% risk of failure)!
Continue anyway?
You extend your transformation's duration.
You climb downwards.
There is a stone staircase leading up here.
The wight barely misses you. The wight hits you with a +0 trident.
You feel drained.
The wight hits you from afar with a +3 trident!
You feel drained. The gnoll closely misses you.
There is a stone staircase leading up here.
The wight hits you with a +0 trident. The wight closely misses you.
The gnoll hits you with a +0 club.
The gnoll sergeant hits you from afar with a +0 spear!
* * * LOW HITPOINT WARNING * * *
The gnoll hits you with a +0 glaive.
You die...

.>..... .....####...#.
......#....... #
...........# .. .
#...##....# ... ...
###..# #...# ...#
...)g#.)..# #...##....#
.......)..###g........#
.......#..zggzY........
.....###.....g.........
...# ##...zg.........
.. #.........<..... .
..................
...................
....................
..##.####.###.##.#.# ..
.. #.# .# .#


You could see a gnoll sergeant, 3 wights and 4 gnolls.

Vanquished Creatures
  A hornet (D:7)
  A water moccasin (D:3)
  A sky beast (D:7)
  An ice beast (D:5)
  7 orc warriors
  2 black bears
  5 ogres
  A centaur (D:7)
  A kobold brigand (D:7)
  3 bullfrogs
  A water moccasin zombie (D:6)
  3 scorpions
  2 wights
  2 jellies
  2 bullfrog zombies
  An orc priest (D:7)
  A hound (D:6)
  A centaur skeleton (D:5)
  2 gnoll shamans (D:7)
  Jessica (D:2)
  2 iguanas
  2 orc wizards (D:6)
  A howler monkey zombie (D:6)
  15 gnolls
  6 adders
  A shadow imp (D:5)
  A white imp (D:5)
  An adder zombie (D:5)
  An adder skeleton (D:4)
  2 worms
  A dart slug (D:5)
  24 orcs
  7 endoplasms
  2 giant cockroaches
  9 goblins
  5 hobgoblins
  3 jackals (D:1)
  3 quokkas
  6 ball pythons
  5 bats
  2 frilled lizards (D:3)
  21 kobolds
  A rat (D:2)
160 creatures vanquished.

Vanquished Creatures (others)
  An ancestor (D:8)
  An orc (D:7)
  14 fungi (D:5)
16 creatures vanquished.

Grand Total: 176 creatures vanquished

Notes
Turn   | Place    | Note
-------+----------+-------------------------------------------
     0 | D:1      | night the Felid Transmuter began the quest for the Orb.
     0 | D:1      | Reached XP level 1. HP: 9/9 MP: 4/4
   642 | D:1      | Reached skill level 1 in Stealth
   642 | D:1      | Reached XP level 2. HP: 12/12 MP: 4/6
  1007 | D:2      | Reached XP level 3. HP: 6/15 MP: 7/7
  1019 | D:2      | Learned a level 3 spell: Spider Form
  1082 | D:2      | HP: 2/15 [adder (2)]
  1114 | D:2      | Reached skill level 2 in Stealth
  1186 | D:2      | Noticed Jessica
  1194 | D:2      | Killed Jessica
  1195 | D:2      | Reached XP level 4. HP: 19/19 MP: 6/8
  1216 | D:2      | Reached skill level 2 in Fighting
  1690 | D:3      | Found a faded altar of an unknown god.
  1701 | D:3      | Noticed a water moccasin
  1716 | D:3      | HP: 1/19 [water moccasin (7)]
  1717 | D:3      | Succumbed to a water moccasin's poison
  1718 | D:3      | Reached XP level 3. HP: 0/16 MP: 2/7
  1725 | D:3      | Killed a water moccasin
  1726 | D:3      | Reached XP level 4. HP: 20/20 MP: 6/8
  1726 | D:3      | Reached XP level 5. HP: 23/23 MP: 6/9
  2217 | D:3      | Found Sunwuf's Assorted Antiques.
  2338 | D:3      | Bought a scroll labelled DYL PEOBAG for 27 gold pieces
  2662 | D:4      | Identified the +1 scale mail of Nuloseg {Stlth+}
  3037 | D:4      | Reached skill level 5 in Transmutations
  3037 | D:4      | Gained mutation: You are covered in thick fur. (AC +2)
                  | [Felid growth]
  3037 | D:4      | Reached XP level 6. HP: 18/27 MP: 10/10
  3403 | D:5      | Entered Level 5 of the Dungeon
  3868 | D:5      | Reached XP level 7. HP: 31/31 MP: 9/11
  3937 | D:5      | Reached skill level 5 in Stealth
  4027 | D:5      | Learned a level 4 spell: Ice Form
  4786 | D:6      | Reached skill level 5 in Unarmed Combat
  4872 | D:6      | Reached XP level 8. HP: 36/36 MP: 9/12
  5388 | D:7      | Noticed a hornet
  5395 | D:7      | HP: 5/36 [poisoned by a hornet]
  5397 | D:7      | Killed a hornet
  5398 | D:7      | Reached skill level 5 in Fighting
  5602 | D:7      | Found a flagged portal.
  5610 | Bailey   | Entered a bailey
  5617 | Bailey   | Learned a level 5 spell: Hydra Form
  5775 | Bailey   | HP: 5/48 [orc warrior/+0 hand axe (11)]
  5776 | Bailey   | Slain by an orc warrior
  5777 | Bailey   | Reached XP level 7. HP: -3/42 MP: 7/12
  5794 | Bailey   | Reached XP level 8. HP: 27/37 MP: 10/13
  5845 | Bailey   | HP: 5/44 [orc warrior/+0 war axe (14)]
  6057 | D:6      | Upgraded the game from 0.27-a0-836-gfc908b8576 to
                  | 0.27-a0-906-g0a00ce863d
  6059 | D:7      | HP: 2/38 [orc/+0 club (5)]
  6304 | D:7      | Learned a level 2 spell: Wereblood
  6391 | D:7      | Reached XP level 9. HP: 41/41 MP: 10/16
  6505 | D:7      | Identified the +1 ring mail of the Pirate {rN+ Dex+6}
  6515 | D:7      | Reached skill level 1 in Ice Magic
  6629 | D:7      | Found a staircase to the Ecumenical Temple.
  6666 | Temple   | Entered the Ecumenical Temple
  6766 | Temple   | Became a worshipper of Hepliaklqana the Forgotten
  7194 | D:8      | HP: 4/36 [gnoll sergeant/+0 spear (12)]
  7194 | D:8      | Slain by a gnoll

Illustrated notes

Levels and vault maps discovered:
D:1:      psy_arrival_dodecagon, layout_basic
D:2:      layout_rooms, serial_glass, glass_columns_c, glass_columns_a,
          uniq_jessica
D:3:      layout_basic, chequers_ecumenical_altar_island, serial_shops, shop
D:4:      layout_basic
D:5:      layout_rooms, serial_aquarium, aquarium_bridge_straight
          [aquarium_subvault_bridge, aquarium_subvault_balcony,
          aquarium_subvault_bridge, aquarium_subvault_window],
          aquarium_bridge_square [aquarium_subvault_wall,
          aquarium_subvault_wall, aquarium_subvault_wall,
          aquarium_subvault_bridge], aquarium_window_corridor_2,
          aquarium_window_2, aquarium_view_2e, aquarium_pool_split,
          chequers_garden, minmay_misc_feat_nine_boxes, minmay_strange_pillars,
          grunt_ministairs_1, minmay_misc_feat_hallway, minmay_misc_feat_x,
          chequers_serial_rivers_room_a, minmay_misc_feat_five
D:6:      layout_rooms
D:7:      layout_layer_cave, minmay_temple_entry_statues, enter_bailey_2
D:8:      layout_cave_pools, kennysheep_mini_moat,
          ploomutoo_gammafunk_ghost_potion_laboratory, minmay_diced_spiral,
          uniq_maurice
Temple:   grunt_wide_crystal_templ

Skill      XL: |  1  2  3  4  5  6  7  8  9 |
---------------+----------------------------+-----
Stealth        | 1 3 4 5 8 |  8.8
Transmutations | 3 4 5 6 8 |  8.0
Fighting       | 2 3 4 6 |  6.2
Unarmed Combat | 4 5 6 |  6.9
Spellcasting   | 4 |  4.0
Ice Magic      | 1 |  1.3
Dodging        | |  2.6

Action                   |  1- 3 |  4- 6 |  7- 9 || total
-------------------------+-------+-------+-------++-------
Melee: Unarmed           |    77 |   147 |   270 ||   494
       Headbutt          |     6 |    19 |       ||    25
       Bite              |     3 |    10 |    14 ||    27
       Punch             |       |     2 |     4 ||     6
 Cast: Beastly Appendage |    20 |    18 |       ||    38
       Spider Form       |       |     7 |    14 ||    21
       Ice Form          |       |       |    14 ||    14
       Hydra Form        |       |       |     2 ||     2
Invok: Recall Ancestor   |       |       |     1 ||     1
 Abil: End Transformatio |       |       |     1 ||     1
Evoke: Wand              |       |       |     4 ||     4
  Use: Potion            |       |     1 |     1 ||     2
       Scroll            |       |     6 |     2 ||     8
 Stab: Sleeping          |     3 |     5 |    10 ||    18
Armor: Skin              |     3 |     3 |    26 ||    32
Dodge: Dodged            |    62 |   114 |   231 ||   407

Table legend: (Time is in decaauts)
 A = Elapsed time spent in this place.
 B = Non-inter-level travel time spent in this place.
 C = Inter-level travel time spent in this place.
 D = Time resting spent in this place.
 E = Time spent auto-exploring this place.
 F = Levels seen in this place.
 G = Mean time per level.
                   A        B        C        D        E       F      G
               +--------+--------+--------+--------+--------+-----+--------+
         Total |   6173 |   5937 |    236 |    247 |   4114 |  10 |  617.3 |
       Dungeon |   5742 |   5513 |    229 |    247 |   4001 |   8 |  717.8 |
        Temple |     88 |     82 |      6 |      0 |     44 |   1 |   88.0 |
        Bailey |    342 |    342 |      0 |      0 |     69 |   1 |  342.0 |
               +--------+--------+--------+--------+--------+-----+--------+

Top non-repeatable levels by time:
     D:5: 1163 daAuts
     D:7: 1122 daAuts
     D:3: 820 daAuts
     D:1: 727 daAuts
     D:4: 700 daAuts
     D:2: 599 daAuts
     D:6: 560 daAuts
  Bailey: 342 daAuts
  Temple: 88 daAuts
     D:8: 47 daAuts
